 Dungeon Crawl Stone Soup version 0.19.0-20-gbc5f0c6 (webtiles) character file.

5337 equalderp2856 the Gouger (level 10, -7/43 HPs)
             Began as a Felid Fighter on Nov 17, 2016.
             Mangled by a white ugly thing (33 damage)
             ... on level 11 of the Dungeon.
             The game lasted 01:59:27 (27180 turns).

equalderp2856 the Gouger (Felid Fighter)           Turns: 27180, Time: 01:59:27

Health: -7/43      AC:  2    Str: 13    XL:     10   Next: 38%
Magic:  19/19      EV: 24    Int: 10    God:
Gold:   596        SH:  0    Dex: 18    Spells: 6 memorised, 11 levels left
                                        Lives:  0   Deaths: 2

rFire  . . .     SeeInvis +       - Unarmed
rCold  . . .     Gourm    .     (armour unavailable)
rNeg   . . .     Faith    .     (shield unavailable)
rPois  .         Spirit   .     (helmet unavailable)
rElec  .         Reflect  .     (cloak unavailable)
rCorr  .         Harm     .     (gloves unavailable)
MR     +....                    (boots unavailable)
Stlth  +++++.....               (no amulet)
                                (no ring)
                                (no ring)

@: quick
A: no armour, no weapons or thrown items, stealth, claws 1, fangs 3, see
invisible, carnivore 3, speed 1, shaggy fur 2, slow metabolism 1, sharp paws
a: no special abilities


You were on level 11 of the Dungeon.
You were completely stuffed.

You visited 2 branches of the dungeon, and saw 12 of its levels.
You also visited: Ossuary.

You collected 596 gold pieces.

Inventory:

Hand Weapons
 K - a +0 blowgun
Missiles
 v - 134 arrows
 y - 7 javelins
 C - 3 exploding tomahawks
Jewellery
 l - an uncursed amulet of regeneration {unknown}
 p - a cursed ring of teleportation {unknown}
 x - an uncursed amulet of the gourmand {unknown}
Wands
 m - a wand of iceblast (8/15)
 o - a wand of confusion (17/48)
 D - a wand of slowing (13/48)
 I - a wand of lightning (5/15)
 O - a wand of slowing (17/48)
 R - a wand of iceblast (7/15)
Scrolls
 e - 9 scrolls of remove curse {unknown}
 f - 8 scrolls of identify {unknown}
 k - 3 scrolls of enchant armour {unknown}
 q - 3 scrolls of blinking {unknown}
 s - 4 scrolls of noise {unknown}
 A - 4 scrolls of recharging {unknown}
 B - a scroll of amnesia {unknown}
 E - 5 scrolls of immolation {unknown}
 F - 6 scrolls of random uselessness {unknown}
 H - 2 scrolls of teleportation {unknown}
 J - a scroll of torment {unknown}
 Q - a scroll of enchant weapon {unknown}
Potions
 a - 2 potions of might
 c - 3 potions of invisibility
 d - 3 potions of lignification
 g - 3 potions of flight
 i - 3 potions of brilliance {unknown}
 n - 2 potions of agility
 r - 2 potions of magic {unknown}
 t - a potion of resistance
 u - 10 potions of degeneration {unknown}
 z - 8 potions of curing {unknown}
 G - a potion of cancellation {unknown}
 T - a potion of haste {unknown}
Books
 w - a book of Cantrips

   Spells                             Type                      Level
   a - Confusing Touch                Hexes                        1
   b - Animate Skeleton               Necromancy                   1
   c - Summon Small Mammal            Summoning                    1
   d - Apportation                    Translocation                1
 N - a book of Minor Magic

   Spells                             Type                      Level
   a - Magic Dart                     Conjuration                  1
   b - Blink                          Translocation                2
   c - Call Imp                       Summoning                    2
   d - Repel Missiles                 Charms/Air                   2
   e - Slow                           Hexes                        2
   f - Conjure Flame                  Conjuration/Fire             3
   g - Mephitic Cloud                 Conjuration/Poison/Air       3
 P - a book of Necromancy

   Spells                             Type                      Level
   a - Pain                           Necromancy                   1
   b - Animate Skeleton               Necromancy                   1
   c - Vampiric Draining              Necromancy                   3
   d - Regeneration                   Charms/Necromancy            3
   e - Animate Dead                   Necromancy                   4
   f - Control Undead                 Necromancy                   4
 S - a book of Cantrips

   Spells                             Type                      Level
   a - Confusing Touch                Hexes                        1
   b - Animate Skeleton               Necromancy                   1
   c - Summon Small Mammal            Summoning                    1
   d - Apportation                    Translocation                1
Comestibles
 b - 8 meat rations
 h - a beef jerky
 j - 10 slices of pizza
 L - 2 bread rations
 M - 2 royal jellies
 U - 8 chunks of flesh


   Skills:
 + Level 4.3 Fighting
 + Level 8.5 Dodging
 + Level 10.0 Stealth
 + Level 13.2 Unarmed Combat
 + Level 5.6 Spellcasting
 + Level 4.1 Hexes
 + Level 4.4 Summonings
 + Level 3.2 Necromancy
 + Level 1.0 Air Magic


You had 11 spell levels left.
You knew the following spells:

 Your Spells              Type           Power        Failure   Level  Hunger
a - Animate Skeleton      Necr           N/A          8%          1    None
b - Summon Small Mammal   Summ           ##..         4%          1    None
c - Confusing Touch       Hex            ##....       4%          1    None
d - Blink                 Tloc           N/A          38%         2    ##.....
e - Repel Missiles        Chrm/Air       #.....       30%         2    ##.....
f - Slow                  Hex            ##......     8%          2    ##.....


Dungeon Overview and Level Annotations

Branches:
Dungeon (11/15)            Temple (1/1) D:5            Lair (0/6) D:10
    Orc (0/2) D:9

Altars:
Ashenzari
Cheibriados
Dithmenos
Elyvilon
Fedhas
Gozag
Hepliaklqana
Kikubaaqudgha
Makhleb
Nemelex Xobeh
Okawaru
Qazlal
Ru
Sif Muna
Trog
Uskayaw
Vehumet
Xom
Yredelemnul
Zin
The Shining One

Shops:
D:6 [

Annotations:
D:10 Erolcha


Innate Abilities, Weirdness & Mutations

You cannot wear armour.
You are incapable of wielding weapons or throwing items.
Your paws allow you to move quietly. (Stealth)
You have sharp claws.
You have razor-sharp teeth.
You have supernaturally acute eyesight. (SInv)
You are carnivorous and can eat meat at any time.
You cover ground quickly.
You are covered in thick fur. (AC +2)
You have a slow metabolism.
Your sharp claws are effective at attacking unaware monsters.


Message History

The dead are walking!
U - 8 chunks of flesh You see here 4 large rocks.
You swap places.
There is an open door here.
You open the door.
A white ugly thing comes into view.
Found an inky potion.
Found a stone staircase leading down.
A two-headed ogre comes into view. It is wielding two giant spiked clubs.
There is an open door here.
You pounce on the unaware helpless two-headed ogre!
You eviscerate the two-headed ogre!!!!
You kill the two-headed ogre!
The white ugly thing gurgles horribly!
You claw the white ugly thing!
You bite the white ugly thing, but do no damage.
The white ugly thing is lightly wounded.
The white ugly thing trunk-slaps you! The white ugly thing freezes you!!
Ouch! That really hurt!
You die...

#######+###
#.........#
+..)......#
#......@u.#
#.........#
#.......>.#
#.!.......#
#.........#
#.........#
####Z######
#..# ##.#


You could see a white ugly thing and a friendly cyclops skeleton.

Vanquished Creatures
  A death knight (D:11)
  Erica (D:8)
  Urug (D:10)
  A hill giant (D:9)
  Pikel (D:8)
  A cyclops (D:11)
  Maurice (D:8)
  2 two-headed ogres
  A hornet (D:9)
  Grinder (D:6)
  2 dream sheep (D:10)
  2 wyverns
  8 yaks
  A hungry ghost (D:8)
  Edmund (D:4)
  2 orc warriors (D:10)
  3 phantoms
  7 sky beasts
  6 ice beasts
  3 slaves (D:8)
  4 centaurs (D:10)
  10 ogres
  A crocodile (D:10)
  3 big kobolds (D:10)
  2 bullfrogs (D:8)
  The ghost of equalderp2856 the Scratcher, an amateur FeFi (D:3)
  A wyvern zombie (D:7)
  A scorpion (D:7)
  7 howler monkeys
  4 bullfrog zombies
  5 crimson imps
  2 centaur zombies
  9 hounds
  2 human zombies (Ossuary)
  13 orc wizards
  7 orc priests
  3 jellies
  2 centaur skeletons (D:4)
  An iguana (D:8)
  8 worker ants
  A big kobold zombie (Ossuary)
  2 hound skeletons
  3 mummies (Ossuary)
  A howler monkey skeleton (D:4)
  A worker ant zombie (D:9)
  7 gnolls
  11 adders
  2 river rats (D:10)
  3 shadow imps
  An ooze (D:2)
  4 adder skeletons
  An adder zombie (D:9)
  3 worms
  4 dart slugs
  8 leopard geckos
  34 orcs
  12 bats
  4 giant cockroaches
  12 goblins
  11 hobgoblins
  7 jackals
  8 quokkas
  3 ball pythons (D:3)
  5 frilled lizards
  A hobgoblin zombie (Ossuary)
  4 kobolds
  3 kobold zombies (Ossuary)
  A leopard gecko zombie (D:6)
  16 rats
305 creatures vanquished.

Vanquished Creatures (collateral kills)
  2 necrophages
  3 killer bees (D:9)
  3 bats (D:10)
  2 rats (D:10)
  A plant (D:10)
11 creatures vanquished.

Vanquished Creatures (others)
  4 fungi (D:10)
  A plant (D:10)
5 creatures vanquished.

Grand Total: 321 creatures vanquished

Notes
Turn   | Place    | Note
-------+----------+-------------------------------------------
     0 | D:1      | equalderp2856 the Felid Fighter began the quest for the Orb.
     0 | D:1      | Reached XP level 1. HP: 10/10 MP: 2/2
   228 | D:1      | Reached XP level 2. HP: 14/14 MP: 3/3
   630 | D:1      | Reached XP level 3. HP: 7/17 MP: 4/4
  1187 | D:1      | Reached skill level 1 in Stealth
  2371 | D:3      | Reached skill level 5 in Unarmed Combat
  2371 | D:3      | Reached XP level 4. HP: 11/21 MP: 5/5
  3075 | D:3      | Found a sacrificial altar of Ru.
  3256 | D:3      | Noticed equalderp2856's ghost (amateur FeFi)
  3358 | D:5      | Entered Level 5 of the Dungeon
  3509 | D:3      | Reached XP level 5. HP: 23/24 MP: 6/6
  3670 | D:3      | Learned a level 1 spell: Animate Skeleton
  3672 | D:3      | Learned a level 1 spell: Summon Small Mammal
  3711 | D:3      | Learned a level 1 spell: Confusing Touch
  4525 | D:3      | Reached skill level 5 in Dodging
  4772 | D:3      | Killed equalderp2856's ghost
  4772 | D:3      | Reached skill level 1 in Hexes
  5072 | D:4      | Gained mutation: You are covered in thick fur. (AC +2) [Felid growth]
  5072 | D:4      | Reached XP level 6. HP: 20/28 MP: 7/7
  5180 | D:4      | Reached skill level 6 in Unarmed Combat
  5188 | D:4      | Reached skill level 1 in Summonings
  5689 | D:4      | Reached skill level 1 in Spellcasting
  6282 | D:4      | Reached XP level 7. HP: 29/31 MP: 8/10
  6333 | D:4      | Noticed Edmund
  8682 | D:5      | Found a bloodstained altar of Trog.
  8842 | D:5      | Reached skill level 7 in Unarmed Combat
  8965 | D:5      | Reached skill level 1 in Necromancy
 10201 | D:5      | Reached XP level 8. HP: 34/36 MP: 9/11
 10327 | D:4      | Reached skill level 5 in Stealth
 10747 | D:4      | Found a sparkling altar of Nemelex Xobeh.
 10893 | D:5      | Found a staircase to the Ecumenical Temple.
 11295 | Temple   | Entered the Ecumenical Temple
 11754 | D:6      | Noticed Grinder
 11762 | D:6      | Killed Grinder
 11762 | D:6      | Reached skill level 8 in Unarmed Combat
 11933 | D:6      | Found a sand-covered staircase.
 12101 | Ossuary  | Entered an ossuary
 12855 | D:6      | Found Nuics's Antique Armour Shop.
 12903 | D:6      | Reached skill level 9 in Unarmed Combat
 14412 | D:7      | Found an opulent altar of Gozag.
 14421 | D:7      | Reached XP level 9. HP: 39/39 MP: 13/13
 14929 | D:7      | Reached skill level 10 in Unarmed Combat
 15991 | D:8      | Noticed Maurice
 16285 | D:4      | Killed Edmund
 16401 | D:4      | Reached skill level 11 in Unarmed Combat
 17010 | D:8      | Noticed Erica
 17612 | D:8      | Killed Maurice
 17852 | D:8      | Reached XP level 10. HP: 37/42 MP: 15/15
 18398 | D:8      | Noticed Pikel
 18724 | D:8      | Killed Erica
 19414 | D:8      | Killed Pikel
 20175 | D:8      | Learned a level 2 spell: Blink
 20178 | D:8      | Learned a level 2 spell: Repel Missiles
 20625 | D:9      | Reached skill level 12 in Unarmed Combat
 20743 | D:9      | Found a staircase to the Orcish Mines.
 20968 | D:9      | Learned a level 2 spell: Slow
 21116 | D:10     | Entered Level 10 of the Dungeon
 21307 | D:10     | Noticed Urug
 21857 | D:10     | Noticed a hill giant
 22573 | D:9      | Killed a hill giant
 22842 | D:10     | Slain by Urug
 22843 | D:10     | Reached XP level 9. HP: -1/39 MP: 10/17
 22896 | D:10     | Killed Urug
 22896 | D:10     | Reached XP level 10. HP: 20/42 MP: 16/18
 22971 | D:10     | Reached skill level 5 in Spellcasting
 23144 | D:10     | Noticed Erolcha
 24025 | D:9      | Reached skill level 1 in Air Magic
 24780 | D:10     | Noticed a three-headed hydra
 25580 | D:10     | Slain by a two-headed ogre
 25581 | D:10     | Reached XP level 9. HP: -1/39 MP: 18/18
 26097 | D:10     | Found a staircase to the Lair.
 26260 | D:10     | Reached XP level 10. HP: 43/43 MP: 19/19
 26305 | D:11     | Noticed a death knight
 26316 | D:11     | Killed a death knight
 26316 | D:11     | Reached skill level 10 in Stealth
 26316 | D:11     | Reached skill level 13 in Unarmed Combat
 26351 | D:11     | HP: 2/43 [crocodile (10)]
 27130 | D:11     | Noticed a cyclops
 27132 | D:11     | Killed a cyclops
 27167 | D:11     | Noticed a white ugly thing
 27180 | D:11     | Mangled by a white ugly thing

Skill      XL: |  1  2  3  4  5  6  7  8  9 10 |
---------------+-------------------------------+-----
Stealth        | 1 2 3 4 6 7 10 | 10.0
Unarmed Combat | 5 6 7 9 11 13 | 13.2
Dodging        | 5 6 7 8 |  8.5
Hexes          | 1 2 3 4 |  4.1
Summonings     | 1 2 4 |  4.4
Spellcasting   | 1 2 3 5 |  5.6
Necromancy     | 1 3 |  3.2
Fighting       | 4 |  4.3
Air Magic      | 1 |  1.0

Action                   |  1- 3 |  4- 6 |  7- 9 | 10-12 || total
-------------------------+-------+-------+-------+-------++-------
Melee: Unarmed           |   117 |   138 |   470 |   389 ||  1114
       Bite              |     8 |    20 |    54 |    42 ||   124
       Punch             |     1 |     4 |    23 |    26 ||    54
 Cast: Summon Small Mamm |       |     6 |    13 |    43 ||    62
       Confusing Touch   |       |     7 |     8 |     8 ||    23
       Animate Skeleton  |       |     1 |     9 |    21 ||    31
       Repel Missiles    |       |       |       |     2 ||     2
  Use: Potion            |       |     2 |     1 |     4 ||     7
 Stab: Sleeping          |     5 |       |    12 |    19 ||    36
       Confused          |       |     1 |     5 |     2 ||     8
       Distracted        |       |       |     6 |       ||     6
  Eat: Chunk             |     5 |     9 |    14 |    33 ||    61
       Meat ration       |       |       |     1 |       ||     1
Armor: Skin              |    15 |     8 |     8 |    15 ||    46
Dodge: Dodged            |   117 |   105 |   270 |   307 ||   799
       Deflected         |       |       |       |     2 ||     2
